 Dungeon Crawl Stone Soup version 0.32-a0-422-g28b100f618 (webtiles) character file.

Game seed: 15370657325664845631

1270 ezpacito the Trooper (level 8, -4/61 (67) HPs)
             Began as a Coglin Chaos Knight on Feb 21, 2024.
             Was a Plaything of Xom.
             Slain by a wight
             ... wielding a +3 great sword
              (7 damage)
             ... on level 5 of the Dungeon.
             The game lasted 00:12:58 (4103 turns).

ezpacito the Trooper (Coglin Chaos Knight)          Turns: 4103, Time: 00:12:59

HP:   -4/61 (67)    AC: 14    Str: 15    XL:     8   Next: 53%
MP:   12/12         EV:  8    Int: 12    God:    Xom [...*..]
Gold: 189           SH:  0    Dex: 13    Spells: 1/12 levels left

rFire   . . .        a - +0 hand axe (chaos) {Narong}
rCold   . . .        e - staff of earth {Kun}
rNeg    . . .        s - +0 chain mail
rPois   +            (no helmet)
rElec   .            d - +2 cloak
rCorr   .            v - +1 pair of gloves
SInv    .            (no boots)
Will    .....        (no amulet) Stlth
                     (no ring)
HPRegen 0.30/turn    (no ring)
MPRegen 0.13/turn

%: no passive effects
@: drained, revved
A: off-hand wielding, slow wielding, warmup strikes, legs shutdown, high MP 1,
mutation resistance 1, poison resistance, robust 1
a: Renounce Religion


You were on level 5 of the Dungeon.
You worshipped Xom.
You were a favourite toy of Xom.
You visited 1 branch of the dungeon, and saw 5 of its levels.

You collected 189 gold pieces.

Inventory:

Hand Weapons
 a - a +0 hand axe of chaos (weapon) {Narong}
 h - a +0 sling of freezing
 p - a +0 whip of electrocution {Hori}
Missiles
 c - 2 throwing nets
 t - 6 boomerangs (quivered)
 u - 16 poisoned darts
Armour
 b - a +2 leather armour
 d - a +2 cloak (worn)
 s - a +0 chain mail (worn)
 v - a +1 pair of gloves (worn)
Magical Staves
 e - a staff of earth (offhand) {Kun}
Talismans
 i - a beast talisman
Scrolls
 f - 3 scrolls of teleportation
 l - a scroll of fog
 w - a scroll of amnesia
Potions
 k - 2 potions of brilliance


   Skills:
 * Level 4.6 Fighting
 * Level 4.6 Axes
 * Level 1.9 Staves
 + Level 1.1 Ranged Weapons
 + Level 0.7 Throwing
 * Level 3.5 Armour
 * Level 3.2 Dodging
 + Level 2.2 Stealth
 * Level 2.6 Unarmed Combat
 * Level 2.5 Spellcasting
 + Level 1.1 Translocations
 * Level 3.1 Evocations


You had one spell level left.
You knew the following spells:

 Your Spells              Type           Power      Damage    Failure   Level
a - Lesser Beckoning      Tloc           8%         N/A       98%         2
b - Gell's Gravitas       Tloc           4%         N/A       100%        3
c - Manifold Assault      Tloc           4%         N/A       100%        4
d - Ensorcelled Hibernat  Hex/Ice        2%         N/A       99%         2

Your spell library contained the following spells:

 Spells                   Type           Power      Damage    Failure   Level
 Fugue of the Fallen      Necr           1%         N/A       100%        3
 Teleport Other           Tloc           4%         N/A       100%        3
 Anguish                  Hex/Necr       0%         N/A       100%        4
 Dispersal                Tloc           2%         N/A       100%        6
 Disjunction              Tloc           2%         N/A       100%        8


Dungeon Overview and Level Annotations

Branches:
Dungeon (5/15)
 Temple: D:4-7

Altars:
Uskayaw
Xom


Innate Abilities, Weirdness & Mutations

You can wield a second weapon in your off-hand.
It takes a long time for you to wield or remove held weapons.
Your first few attacks do less damage.
Attacking and casting redirects power from your legs.
You have an increased reservoir of magic. (+10% MP)
You are somewhat resistant to further mutation.
Your system is resistant to poisons. (rPois)
You are robust. (+10% HP)


Message History

The wight is moderately damaged.
You hit the wight but do no damage.
The wight hits you with a +0 great sword!
You hit the wight with your +0 hand axe of chaos.
The wight looks weaker.
The wight is heavily damaged.
You hit the wight but do no damage. "Serve the mortal, my children!"
The wight hits you but does no damage.
You cannot move.
You cannot move.
You are no longer unable to travel.
The wight hits you with a +0 great sword.
Your crimson imp blinks!
You swap places.
The wight stops moving altogether!
Your iron imp hits the wight.
Your iron imp hits the wight.
Your iron imp hits the wight but does no damage.
The wight hits you with a +3 great sword!
You feel drained.
You hit the wight but do no damage. x2
The wight hits you with a +3 great sword!
You closely miss the wight with your +0 hand axe of chaos.
You hit the wight with your staff of earth.
The wight barely misses you.
You closely miss the wight with your +0 hand axe of chaos.
The wight is lightly damaged.
You hit the wight with your staff of earth.
The wight barely misses you.
The wight hits you with a +3 great sword!
* * * LOW HITPOINT WARNING * * *
You feel drained.
* * * LOW HITPOINT WARNING * * *
As you read the scroll labelled OGHAROAMOAR, it crumbles to dust.
It is a scroll of brand weapon.
Your +0 whip {Hori} crackles with electricity.
p - a +0 whip of electrocution {Hori} You are no longer unable to travel.
The wight hits you with a +3 great sword!
You die...

#...######.# #.#..
#....>..<..# #.#.#
#.#.#####..# #..†.
#.#.#####..#####†#
#.#.#......O####.#
###.#.#.#...........
#...................
#.#55....#..#.####.#
#.#@#.##....#.# #)#
#.#z#5#####.#.# #†#
#.#z#z# #.#.....)>
######.#S#z#
#.#####.O.
#......#o.). .)..
#.######.#.. ##..#
#.# #.#... .... #.#
#.#... #.#. #.#
#.... #. .


You could see 2 wights, an adder, an orc, a friendly iron imp (summoned) and a
friendly crimson imp (summoned).

Vanquished Creatures
  A water moccasin (D:5)
  A black bear (D:4)
  An ogre (D:5)
  A centaur (D:5)
  2 scorpions
  A wight (D:5)
  2 bombardier beetles (D:3)
  3 hounds (D:5)
  A sleepcap (D:4)
  Natasha (thrice) (D:2)
  2 iguanas
  3 orc wizards (D:3)
  4 gnolls
  3 adders
  A white imp (D:5)
  4 dart slugs
  A ribbon worm (D:3)
  8 orcs
  6 ball pythons
  5 bats
  13 endoplasms
  5 giant cockroaches
  6 goblins
  6 hobgoblins
  5 jackals
  3 quokkas
  6 frilled lizards
  6 kobolds
  8 rats
111 creatures vanquished.

Vanquished Creatures (collateral kills)
  A hound (D:4)
  A jelly (D:4)
  An iguana (D:4)
  3 gnolls (D:4)
6 creatures vanquished.

Vanquished Creatures (others)
  A jackal (D:4)
1 creature vanquished.

Grand Total: 118 creatures vanquished

Notes
Turn   | Place    | Note
-------+----------+-------------------------------------------
     0 | D:1      | ezpacito the Coglin Chaos Knight began the quest for the
                  | Orb.
     0 | D:1      | Reached XP level 1. HP: 18/18 MP: 1/1
   166 | D:1      | XOM: silly message
   194 | D:1      | Reached skill level 1 in Dodging
   247 | D:1      | Reached XP level 2. HP: 24/24 MP: 2/2
   309 | D:1      | XOM: silly message
   333 | D:1      | Reached XP level 3. HP: 25/29 MP: 2/4
   363 | D:1      | XOM: silly message
   374 | D:1      | XOM: divination: detect items
   386 | D:1      | Reached skill level 1 in Spellcasting
   593 | D:1      | Reached XP level 4. HP: 35/35 MP: 5/5
   887 | D:2      | You fall into a shaft and drop 1 floor!
   914 | D:3      | Reached skill level 1 in Stealth
   914 | D:3      | Reached XP level 5. HP: 31/41 MP: 6/6
   984 | D:2      | Noticed Natasha
   993 | D:2      | Killed Natasha
   994 | D:2      | Reached skill level 1 in Unarmed Combat
  1150 | D:2      | Noticed Natasha
  1159 | D:2      | Killed Natasha
  1201 | D:2      | Reached XP level 6. HP: 21/48 MP: 8/8
  1238 | D:2      | XOM: 1-stop teleportation journey
  1315 | D:2      | Noticed Natasha
  1325 | D:2      | Killed Natasha
  1866 | D:3      | XOM: noise
  1900 | D:3      | XOM: 1-stop teleportation journey
  1934 | D:3      | Reached skill level 1 in Evocations
  2363 | D:3      | XOM: scenery: create altars
  2513 | D:3      | XOM: 5-stop teleportation journey
  2811 | D:3      | XOM: god gift: dagger {god gift}
  2865 | D:4      | Reached XP level 7. HP: 54/54 MP: 9/9
  2897 | D:4      | Learned a level 2 spell: Lesser Beckoning
  2901 | D:4      | Learned a level 3 spell: Gell's Gravitas
  2906 | D:4      | Learned a level 4 spell: Manifold Assault
  2938 | D:4      | Reached skill level 1 in Staves
  3017 | D:4      | XOM: divine lightning
  3026 | D:4      | XOM: potion effect (curing)
  3029 | D:4      | Gained mutation: You have an increased reservoir of magic.
                  | (+10% MP) [potion of mutation]
  3029 | D:4      | Gained mutation: You are robust. (+10% HP) [potion of
                  | mutation]
  3029 | D:4      | Gained mutation: Your system is resistant to poisons.
                  | (rPois) [potion of mutation]
  3029 | D:4      | Gained mutation: You are somewhat resistant to further
                  | mutation. [potion of mutation]
  3035 | D:4      | Identified a scroll of acquirement
  3035 | D:4      | Acquired a book of Dreams
  3114 | D:4      | XOM: silly message
  3550 | D:4      | Found a hide-covered altar of Uskayaw.
  3645 | D:5      | Entered Level 5 of the Dungeon
  3681 | D:5      | Reached XP level 8. HP: 36/67 MP: 12/12
  3701 | D:5      | XOM: enchant monster (good)
  3712 | D:5      | Reached skill level 1 in Ranged Weapons
  3724 | D:5      | XOM: confuse monster(s)
  3732 | D:5      | Reached skill level 1 in Translocations
  3752 | D:4      | Learned a level 2 spell: Ensorcelled Hibernation
  3808 | D:4      | XOM: summons 5 hostile demons
  3814 | D:5      | XOM: silly message
  4087 | D:5      | XOM: polymorph ogre -> adder
  4094 | D:5      | XOM: summons 2 friendly demons
  4102 | D:5      | HP: 3/61 [wight/+3 great sword (5)]
  4103 | D:5      | Slain by a wight

Illustrated notes

Levels and vault maps discovered:
D:1:      dpeg_cavernosity, layout_basic
D:2:      layout_rooms, kennysheep_nondescript, fountainhead, uniq_natasha
D:3:      layout_loops_ring, minmay_goblin_outpost
D:4:      layout_cave_pools, nicolae_uskayaw_dance_hall, serial_glass,
          glass_columns_b, glass_columns_a, glass_columns_a, glass_columns_c,
          glass_columns_b, glass_columns_b, glass_columns_b, glass_columns_a,
          kennysheep_generic_room_8
D:5:      layout_loops_ring

Skill      XL: |  1  2  3  4  5  6  7  8 |
---------------+-------------------------+-----
Dodging        | 1 2 3 |  3.2
Armour         | 2 3 |  3.5
Spellcasting   | 1 2 |  2.5
Stealth        | 1 2 |  2.2
Unarmed Combat | 1 2 |  2.6
Evocations     | 1 2 3 |  3.1
Fighting       | 4 |  4.6
Axes           | 4 |  4.6
Staves         | 1 |  1.9
Ranged Weapons | 1 |  1.1
Translocations | 1 |  1.1
Throwing       | |  0.7

Action                     |  1- 3 |  4- 6 |  7- 9 || total
---------------------------+-------+-------+-------++-------
  Melee: Hand axe          |    68 |   140 |   118 ||   326
         Whip              |       |    73 |       ||    73
         Staff             |       |    48 |   117 ||   165
         Sling             |       |    14 |       ||    14
    Use: Scroll            |       |     4 |     8 ||    12
         Potion            |       |     3 |     7 ||    10
   Stab: Sleeping          |     1 |     2 |       ||     3
         Petrifying        |       |     2 |       ||     2
         Held in net/web   |       |     1 |       ||     1
         Confused          |       |       |     3 ||     3
         Paralysed         |       |       |     2 ||     2
 Armour: Leather armour    |    37 |    87 |       ||   124
         Chain mail        |       |     5 |   154 ||   159
  Dodge: Dodged            |    27 |    84 |    53 ||   164

Table legend: (Time is in decaauts)
 A = Elapsed time spent in this place.
 B = Non-inter-level travel time spent in this place.
 C = Inter-level travel time spent in this place.
 D = Time resting spent in this place.
 E = Time spent auto-exploring this place.
 F = Levels seen in this place.
 G = Mean time per level.
                   A        B        C        D        E       F      G
               +--------+--------+--------+--------+--------+-----+--------+
         Total |   4144 |   3560 |    584 |    399 |   2274 |   5 |  828.8 |
       Dungeon |   4144 |   3560 |    584 |    399 |   2274 |   5 |  828.8 |
               +--------+--------+--------+--------+--------+-----+--------+

Top non-repeatable levels by time:
     D:3: 1192 daAuts
     D:2: 910 daAuts
     D:4: 857 daAuts
     D:1: 780 daAuts
     D:5: 402 daAuts
